[Event "Early-Titled-Tuesday-Blitz-April-23-2024"]
[Site "Chess.com"]
[Date "2024.04.23"]
[Round "3"]
[White "Barmen_EV"]
[Black "Pasmendjambvirgulptipon98"]
[Result "0-1"]
[WhiteElo "2553"]
[BlackElo "2336"]
[TimeControl "180+1"]
[EndTime "8:30:25 PDT"]
[Termination "Pasmendjambvirgulptipon98 won by checkmate"]

1. e4 e5 2. Nf3 Nc6 3. d4 exd4 4. Bc4 Nf6 5. O-O Nxe4 6. Nc3 Be7 7. Nxe4 d5 8. Nxd4 dxc4 9. Nxc6 Qxd1 10. Rxd1 bxc6 11.
Bf4 Bf5 12. f3 O-O 13. Bxc7 Rac8 14. Bd6 Bxe4 15. fxe4 Rfe8 16. Bxe7 Rxe7 17. Rd4 Rb7 18. b3 cxb3 19. axb3 g6 20. Rda4 Re8 21. Rxa7 Rxa7 22.
Rxa7 Rxe4 23. Rc7 Re6 24. Kf2 Kg7 25. h4 h5 26. Kf3 Kf6 27. Kf4 Rd6 28. g3 Rd4+ 29. Ke3 Rd6 30. Ke4 Ke6 31. c4 f5+ 32. Kf4 Rd4+ 33. Kg5 Rg4+ 34. Kh6 Kd6 35. Rf7 Rxg3 36.
b4 Rg4 37. Rf6+ Kc7 38. b5 Rxc4 39. Kxg6 cxb5 40. Kxh5 f4 41. Kg5 b4 42. h5 b3 43.
Rf7+ Kc6 44. Rf6+ Kc5 45. Rf5+ Kb4 46. h6 b2 47. h7 Rc5 48. h8=Q Rxf5+ 49. Kg4 b1=Q 50.
Qb8+ Rb5 51. Qf8+ Ka4 52. Qa8+ Kb3 53. Qf3+ Ka2 54. Qe2+ Qb2 55. Qe6+ Rb3 56. Qa6+ Kb1 57. Qf1+ Qc1 58. Qa6 Qg1+ 59. Kf5 f3 60. Qf6 Qc1 61. Qe6 Qc2+ 62. Kg4 f2 63. Qf7 Rb4+ 64. Kh5 Qe2+ 65. Kg5 Rg4+ 66. Kh6 f1=Q 67. Qg6+ Rxg6+ 68. Kh7 Qef2 69.
Kh8 Qf8+ 70. Kh7 Rh6# 0-1

[Event "Early-Titled-Tuesday-Blitz-April-23-2024"]
[Site "Chess.com"]
[Date "2024.04.23"]
[Round "3"]
[White "Masterbeaterr"]
[Black "nekotyanof"]
[Result "0-1"]
[WhiteElo "2481"]
[BlackElo "2663"]
[TimeControl "180+1"]
[EndTime "8:30:26 PDT"]
[Termination "nekotyanof won by checkmate"]

1. d4 Nf6 2. c4 g6 3. Nc3 d5 4. cxd5 Nxd5 5. Bd2 Bg7 6. e4 Nxc3 7.
Bxc3 O-O 8. h4 c5 9. d5 Nd7 10. Bxg7 Kxg7 11. h5 Nf6 12. hxg6 hxg6 13. f3 e6 14. d6 Qa5+ 15. Qd2 Qxd2+ 16. Kxd2 e5 17. Ke3 Rd8 18. Rd1 Ne8 19. Rd5 Nxd6 20. Rxc5 Be6 21. b3 a5 22. Rxe5 a4 23. Nh3 axb3 24. axb3 Bxh3 25. Rxh3 Ra3 26. Re7 Rxb3+ 27. Kf4 Kf6 28. Rc7 Re8 29. Rh7 g5+ 30. Kg4 Kg6 31. Rh5 Nxe4 32. Bc4 Nf6+ 33. Kh3 Kxh5 34. Bxf7+ Kh6 35. Bxb3 b5 36. Rb7 Re5 37. Rb6 Kg7 38. Rb7+ Kg6 39.
Bc2+ Kh6 40. Rf7 Re6 41. g4 Rb6 42. Kg3 b4 43. f4 b3 44. Bxb3 Rxb3+ 45. Kg2 Nxg4 46.
fxg5+ Kg6 47. Rf8 Ne5 48. Rg8+ Kf5 49. Kf2 Ng6 50. Ke2 Nf4+ 51. Kd2 Rd3+ 52. Kc2 Rd6 53. Kb2 Ke4 54. Re8+ Kd3 55. Rf8 Rb6+ 56. Ka3 Nd5 57. Ka4 Kc4 58. Rc8+ Kd4 59. Rg8 Ne7 60. Rd8+ Kc4 61. Ka3 Ra6+ 62. Kb2 Rg6 63. Re8 Nc6 64.
Rc8 Kc5 65. Kc2 Rxg5 66. Kd2 Rg6 67. Ke3 Kd5 68. Kf2 Ke4 69. Ke2 Nd4+ 70. Kf2 Rf6+ 71.
Kg3 Nf5+ 72. Kg4 Nd6 73. Ra8 Rg6+ 74. Kh5 Rg1 75. Ra4+ Ke5 76. Ra5+ Kf4 77. Ra4+ Ne4 78. Kh6 Kf5 79. Kh7 Nf6+ 80. Kh6 Rg6# 0-1

[Event "Early-Titled-Tuesday-Blitz-April-23-2024"]
[Site "Chess.com"]
[Date "2024.04.23"]
[Round "3"]
[White "Eagle_2019"]
[Black "Maxfan2008"]
[Result "1-0"]
[WhiteElo "2858"]
[BlackElo "2586"]
[TimeControl "180+1"]
[EndTime "8:30:29 PDT"]
[Termination "Eagle_2019 won by checkmate"]

1. e4 c5 2. Nf3 e6 3. b3 a6 4.
Bb2 Nc6 5. d4 cxd4 6. Nxd4 Nxd4 7. Qxd4 Ne7 8. Nd2 Nc6 9. Qe3 d5 10. exd5 Nb4 11. O-O-O Nxd5 12. Qg3 Qc7 13. Qxc7 Nxc7 14.
Nc4 Nd5 15. g3 b5 16. Na5 Bb4 17. Nc6 Bb7 18. Nxb4 Nxb4 19. Rg1 Rc8 20. Rd2 Nxa2+ 21. Kb1 Nc3+ 22. Ka1 Bd5 23. Rd4 O-O 24. Bd3 e5 25.
Rg4 f5 26. Rh4 e4 27. Bf1 Nd1 28. Kb1 Nxf2 29. Be2 e3 30. Bd4 Ne4 31. Kb2 Rfe8 32. Re1 Nd2 33. Bh5 g6 34. Bd1 Nf3 35. Bxf3 Bxf3 36.
Rxe3 Be4 37. Re2 Rc6 38. c3 Rec8 39. b4 Re6 40. g4 f4 41. g5 Rf8 42. Bf6 Kf7 43. Rxf4 Bf5 44. Rd2 Rfe8 45. Rh4 Kg8 46.
Ka3 Rc6 47. Kb2 h5 48. Rhd4 Rc4 49. Rxc4 bxc4 50. Rd6 Re2+ 51. Ka3 Bd3 52. Rxa6 Rxh2 53. b5 Bb1 54. Kb4 h4 55. b6 Rb2+ 56. Kc5 h3 57. Ra8+ Kf7 58. Rh8 Bf5 59. b7 h2 60. Rh7+ Ke6 61.
Re7# 1-0

[Event "Early-Titled-Tuesday-Blitz-April-23-2024"]
[Site "Chess.com"]
[Date "2024.04.23"]
[Round "3"]
[White "snowlord"]
[Black "Kostya0705"]
[Result "1-0"]
[WhiteElo "2907"]
[BlackElo "2546"]
[TimeControl "180+1"]
[EndTime "8:30:29 PDT"]
[Termination "snowlord won on time"]

1. d4 Nf6 2. Bg5 Ne4 3. Bf4 d5 4. e3 c5 5. Bd3 Nc6 6. Bxe4 dxe4 7. d5 g5 8. Bg3 Bg7 9. Nc3 Bxc3+ 10. bxc3 Na5 11.
h4 g4 12. h5 h6 13. Ne2 Bd7 14. Rb1 b5 15. Be5 Rg8 16. Bf4 Rh8 17. Ng3 f5 18. d6 e6 19. a4 a6 20. f3 Qf6 21. fxe4 e5 22. Qd5 Nc6 23. O-O exf4 24. exf4 Qxc3 25.
Kh2 Qd4 26. axb5 axb5 27. Rxb5 Qxd5 28. exd5 Nd8 29. Re1+ Kf8 30. Rxc5 Ra6 31. c4 Rxd6 32. Rc7 Rh7 33. Ra1 Re7 34. Ra8 Ke8 35. Rb7 Bc6 36. dxc6 Rxc6 37. Rxe7+ Kxe7 38. Nxf5+ Kf6 39. Nxh6 Ne6 40. g3 Rxc4 41. Nxg4+ Kg7 42. Ra7+ Kg8 43. Nf6+ Kf8 44. h6 Rc2+ 45. Kg1 Rc1+ 46. Kf2 Rh1 47.
h7 Nd8 48. Kg2 Rh6 49. g4 Nf7 50. g5 Rh4 51. Ra8+ Ke7 52. Re8+ Kd6 53. Kg3 Rh1 54.
Rf8 Ke7 55. Re8+ Kd6 56. g6 Rg1+ 57. Kf3 Rxg6 58. Ne4+ Kd7 59. h8=Q Nxh8 60. Rxh8 Ra6 61.
Rh7+ Ke8 62. f5 Ra1 63. Kf4 Rg1 64. Ke5 Kf8 65. Ra7 Rb1 66. f6 Rb5+ 67. Ke6 Rb8 68. Nd6 Kg8 69. Rg7+ Kf8 70. Rb7 Rd8 71. Rh7 Kg8 72.
Rg7+ Kf8 73. Ra7 Kg8 74. Re7 Kf8 75. f7 Rd7 76. Re8+ 1-0

[Event "Early-Titled-Tuesday-Blitz-April-23-2024"]
[Site "Chess.com"]
[Date "2024.04.23"]
[Round "3"]
[White "Ivan11Martic"]
[Black "KhazhatulyAlikhan"]
[Result "0-1"]
[WhiteElo "2609"]
[BlackElo "2462"]
[TimeControl "180+1"]
[EndTime "8:30:34 PDT"]
[Termination "KhazhatulyAlikhan won by checkmate"]

1. a3 d5 2. e3 Nf6 3. c4 e6 4. Nf3 Be7 5. d4 O-O 6. Bd3 c5 7. dxc5 dxc4 8. Bxc4 Qxd1+ 9. Kxd1 Bxc5 10. b4 Be7 11.
Bb2 b6 12. Nbd2 Rd8 13. Ke2 Bb7 14. Rhd1 Nbd7 15. Ne1 Kf8 16. f3 a5 17. b5 Rac8 18. Rac1 Nc5 19. Nb1 Bd5 20. e4 Bxc4+ 21. Rxc4 Rxd1 22.
Kxd1 Ne8 23. Ke2 Nd6 24. Rc2 Nxb5 25. Nd3 Rd8 26. Ne5 Bf6 27. Nc6 Rd6 28. Bxf6 gxf6 29. Rxc5 bxc5 30. Nxa5 Rb6 31. Nd2 Nxa3 32. Kd3 Ra6 33. Nb7 c4+ 34. Kc3 Rb6 35. Na5 Nb1+ 36. Nxb1 Rxb1 37. Nxc4 Rh1 38. h3 Rg1 39. Ne3 Kg7 40.
Kd3 Kg6 41. Ke2 Ra1 42. Kf2 Ra2+ 43. Kg3 Re2 44. Nc4 h5 45. h4 Kg7 46. Nd6 Kf8 47.
Nb5 Rd2 48. Na3 Ke7 49. Nc4 Rc2 50. Ne3 Re2 51. Nf1 Kd6 52. Kh3 Ra2 53. Ng3 Ra5 54.
Ne2 Kc5 55. g4 Kd6 56. Nf4 Ra3 57. Kg3 hxg4 58. Kxg4 Ke7 59. Nh5 Ra4 60. Kg3 Ra5 61.
Nf4 Kf8 62. Kg4 Kg7 63. Ne2 Kh6 64. Nf4 Ra4 65. Kg3 Rd4 66. Ne2 Rc4 67. Nf4 Rb4 68.
Ng2 Ra4 69. Ne3 Ra3 70. Ng4+ Kg6 71. Kf4 Ra5 72. Kg3 f5 73. exf5+ Kxf5 74. Nh6+ Kg6 75. Ng4 f5 76. Nf2 e5 77. Nd3 e4 78. fxe4 Ra3 79. Kf4 Rxd3 80. exf5+ Kf6 81. Kg4 Rd4+ 82. Kh5 Kxf5 83. Kh6 Rxh4+ 84. Kg7 Re4 85. Kf7 Re6 86. Kg7 Re7+ 87. Kf8 Kf6 88. Kg8 Kg6 89. Kf8 Re5 90. Kg8 Re8# 0-1

[Event "Early-Titled-Tuesday-Blitz-April-23-2024"]
[Site "Chess.com"]
[Date "2024.04.23"]
[Round "3"]
[White "temiksmozg"]
[Black "Golubovsky"]
[Result "0-1"]
[WhiteElo "2663"]
[BlackElo "2514"]
[TimeControl "180+1"]
[EndTime "8:30:35 PDT"]
[Termination "Golubovsky won by resignation"]

1. e4 c5 2. Nf3 d6 3. d4 cxd4 4. Nxd4 Nf6 5. Nc3 a6 6. Be2 e5 7. Nb3 Be7 8. Be3 O-O 9. g4 Be6 10. g5 Nfd7 11. h4 b5 12. Bg4 Nb6 13. Nd5 Nxd5 14.
exd5 Bxg4 15. Qxg4 Qc8 16. Qe4 a5 17. a4 b4 18. h5 f5 19. gxf6 Rxf6 20. O-O-O Qf5 21.
Qg2 Qf3 22. Qg1 Nd7 23. Bg5 Rf7 24. Bxe7 Rxe7 25. Rd3 Qf5 26. h6 Rc8 27. Kb1 Nb6 28.
Rhh3 e4 29. Rdg3 g6 30. Rh4 e3 31. Nd4 Qxf2 32. Rhg4 Qxg1+ 33. Rxg1 Nxd5 34. Nf5 Re6 35. Nd4 Re5 36. Nf3 Rf5 37. Nd4 Rf2 38. Re1 Re8 39. Ka2 Nf4 40. Rgg1 e2 41. Kb3 Kf7 42. Rh1 Kf6 43. Kc4 Rc8+ 44. Kb3 g5 45. Reg1 Re8 46. c3 Re3 47. Kc4 bxc3 48. bxc3 d5+ 49. Kc5 Rxc3+ 50. Kb5 Rd3 51. Nc2 Ng2 52. Ne1 Nxe1 53. Rxe1 Re3 54. Kxa5 d4 55. Kb4 d3 56. Kc3 Rf5 57. Kd2 Re4 58.
Kxd3 Rfe5 59. Rh2 Rxa4 60. Rhxe2 Rxe2 61. Rxe2 Ra6 62. Rh2 Kg6 63. Ke4 Rf6 64. Rh1 g4 65. Rh2 Kg5 66. Rb2 Rxh6 67. Ke3 Rf6 68. Rb5+ Rf5 69.
Rb8 h5 70. Rg8+ Kh4 71. Ke2 Rf3 72. Rg7 Kg3 73. Ra7 h4 74. Ra1 h3 75. Rg1+ Kf4 76.
Rb1 h2 77. Rb4+ Kg3 0-1

[Event "Early-Titled-Tuesday-Blitz-April-23-2024"]
[Site "Chess.com"]
[Date "2024.04.23"]
[Round "3"]
[White "Aradhya2000"]
[Black "yaguigor"]
[Result "1-0"]
[WhiteElo "2854"]
[BlackElo "2606"]
[TimeControl "180+1"]
[EndTime "8:30:36 PDT"]
[Termination "Aradhya2000 won by resignation"]

1. d4 d5 2. c4 c6 3. Nf3 Nf6 4. Nc3 e6 5. e3 Nbd7 6. Bd3 dxc4 7. Bxc4 b5 8. Bb3 b4 9. Ne2 c5 10. O-O Bb7 11. Nf4 Bd6 12. Ng5 Bxf4 13. exf4 O-O 14.
Be3 h6 15. Nxe6 fxe6 16. Bxe6+ Kh8 17. dxc5 Qc7 18. Qd6 Qxd6 19. cxd6 Bd5 20. Bh3 Rad8 21. a3 a5 22. axb4 axb4 23. Ra7 Rfe8 24. Rc1 h5 25. Rcc7 Be6 26. f5 Bg8 27. g3 Bd5 28. Bg2 Bxg2 29. Kxg2 Re5 30. Rab7 Rxf5 31. Rxb4 Nd5 32.
Rd4 N7f6 33. Rc6 Nxe3+ 34. fxe3 Re5 35. Kf3 Kh7 36. b4 Kg6 37. Rc5 Re6 38. Rc6 Rd7 39.
b5 Ne8 40. b6 Rexd6 41. b7 Rf7+ 42. Ke2 Rxb7 43. Rcxd6+ Nxd6 44. Rxd6+ Kf5 45. Kf3 g5 46. Rd5+ Kf6 47. h4 gxh4 48. gxh4 Rf7 49. Rxh5 Kg6+ 50. Kg4 Re7 51. Rg5+ Kf6 52. Kf4 Ra7 53. e4 Ra1 54.
e5+ Kf7 55. Rf5+ Kg7 56. Rf6 Rf1+ 57. Kg5 Rg1+ 58. Kf5 Rf1+ 59. Ke6 Ra1 60. Rf7+ Kg6 61. h5+ Kxh5 62. Rg7 Ra6+ 63. Kf5 Kh6 64. Rg1 Ra2 65.
e6 Rf2+ 66. Ke5 Re2+ 67. Kd6 Rd2+ 68. Ke7 Ra2 69. Kf7 Rf2+ 70. Ke8 Re2 71. e7 1-0

[Event "Early-Titled-Tuesday-Blitz-April-23-2024"]
[Site "Chess.com"]
[Date "2024.04.23"]
[Round "3"]
[White "SashaKuzhilniy"]
[Black "Lady_Nika"]
[Result "1-0"]
[WhiteElo "2647"]
[BlackElo "2469"]
[TimeControl "180+1"]
[EndTime "8:30:37 PDT"]
[Termination "SashaKuzhilniy won by resignation"]

1. d4 d5 2. c3 e6 3. Bf4 f5 4. Nf3 Nf6 5. e3 Bd6 6. Nbd2 O-O 7. Be2 Ne4 8. h4 Bd7 9. Ne5 Be8 10. f3 Nxd2 11.
Qxd2 c5 12. O-O-O Nc6 13. Nxc6 bxc6 14. dxc5 Bxc5 15. h5 Qb6 16. h6 g6 17. b4 Be7 18.
Qd4 Bf6 19. Be5 Bxe5 20. Qxe5 Rf7 21. Rd2 a5 22. Rb2 axb4 23. cxb4 c5 24. bxc5 Qxc5+ 25. Kb1 Rc8 26. Qd4 Qd6 27. f4 Re7 28. Rc1 Rxc1+ 29.
Kxc1 Rc7+ 30. Kb1 Qc6 31. Qd2 Rc8 32. g4 Bf7 33. Rc2 Rb8+ 34. Ka1 Qa4 35. Qd4 Qxd4+ 36.
exd4 Be8 37. Rc7 Ba4 38. Bd3 Rb4 39. g5 Rxd4 40. Ba6 Rxf4 41. Bc8 Re4 42. Rg7+ Kh8 43. Ra7 Kg8 44. Bb7 Rb4 45. Bc8 Bc2 46. Bxe6+ Kf8 47.
a3 Rb1+ 48. Ka2 Re1 49. Rf7+ Ke8 50. Bxd5 Bb1+ 51. Kb2 Be4 52. Bb3 Re2+ 53. Kc3 Re3+ 54. Kd4 Rxb3 55. Rxh7 Rd3+ 56. Ke5 Rxa3 57. Rg7 Kf8 58. Rc7 Ra5+ 59. Kf6 Ra6+ 60. Ke5 Ra1 61. Rc8+ Kf7 62. h7 Rh1 63. h8=Q Rxh8 64. Rxh8 Ke7 65. Rh7+ Kf8 66. Kf6 Ke8 67. Rh4 Bb1 68. Rf4 Kf8 69.
Kxg6 Kg8 70. Kf6 Kf8 71. g6 Kg8 72. Rb4 1-0

[Event "Early-Titled-Tuesday-Blitz-April-23-2024"]
[Site "Chess.com"]
[Date "2024.04.23"]
[Round "3"]
[White "leoduarte"]
[Black "2L8IWUN"]
[Result "0-1"]
[WhiteElo "2353"]
[BlackElo "2083"]
[TimeControl "180+1"]
[EndTime "8:30:37 PDT"]
[Termination "2L8IWUN won on time"]

1. e4 e5 2. Nf3 Nc6 3. Bc4 Bc5 4. c3 Nf6 5. d4 exd4 6. e5 d5 7. Bb5 Ne4 8. cxd4 Bb6 9. Nc3 O-O 10. Be3 Bf5 11. O-O Ne7 12. h3 c6 13. Bd3 Ng6 14.
Qc2 Nxc3 15. Bxf5 Ne4 16. Bxe4 dxe4 17. Qxe4 Qd7 18. Rfd1 Rad8 19. Rac1 Rfe8 20. Qc2 Qd5 21. Ng5 Qxa2 22. Ne4 Qd5 23. Nd6 Re7 24. Nf5 Red7 25. Bg5 Rf8 26. h4 Bd8 27. Bxd8 Rfxd8 28. h5 Ne7 29. Ne3 Qe6 30. Qe4 Nd5 31. Nf5 Nf6 32. Qf3 Nd5 33. h6 g6 34. Nd6 Kh8 35. Ne4 f5 36.
Nc5 Qe7 37. Nxd7 Rxd7 38. Rd2 Qe6 39. Rcd1 Ne7 40. Qa3 a6 41. Qc5 Nd5 42. Qa7 g5 43. Qb8+ Qg8 44. Qxg8+ Kxg8 45. g3 Kf7 46. Kg2 Kg6 47. Rh1 Re7 48. f3 f4 49. g4 Ne3+ 50.
Kf2 Nc4 51. Rc2 b5 52. b3 Ne3 53. Rxc6+ Kf7 54. Re1 a5 55. Rxe3 fxe3+ 56. Kxe3 Ra7 57.
Rb6 a4 58. bxa4 bxa4 59. Rb2 a3 60. Ra2 Ra4 61. Ke4 Ke6 62. Kd3 Kd5 63. Kc3 Rxd4 64. Kb3 Kxe5 65. Rxa3 Rd3+ 66. Kb4 Rd4+ 67. Kc5 Rd6 68.
Re3+ Kf4 69. Re4+ Kxf3 70. Kxd6 Kxe4 71. Ke6 Kf4 72. Kf6 Kxg4 73. Kg7 Kf5 74. Kxh7 g4 75. Kg7 g3 76. h7 g2 77. h8=Q g1=Q+ 78. Kf7 Qa7+ 79.
Kg8 Qb8+ 80. Kh7 Qa7+ 81. Kg8 Kg6 0-1

[Event "Early-Titled-Tuesday-Blitz-April-23-2024"]
[Site "Chess.com"]
[Date "2024.04.23"]
[Round "3"]
[White "CrgKrishna"]
[Black "artin10862"]
[Result "0-1"]
[WhiteElo "2712"]
[BlackElo "2934"]
[TimeControl "180+1"]
[EndTime "8:30:39 PDT"]
[Termination "artin10862 won by resignation"]

1. d4 Nf6 2. c4 e6 3. g3 Bb4+ 4. Nd2 d5 5. Bg2 O-O 6. Nf3 b6 7. O-O Bb7 8. a3 Be7 9. cxd5 exd5 10. b4 Nbd7 11. Bb2 b5 12. Nb3 Nb6 13. Na5 Bc8 14.
Ne5 Bd6 15. Qd3 a6 16. Bc1 g6 17. Bg5 Bf5 18. Qb3 Kg7 19. g4 Be6 20. Qf3 h6 21.
Nac6 hxg5 22. Nxd8 Raxd8 23. h3 Nc4 24. Nxc4 bxc4 25.
Qe3 Bf4 26. Qc3 Rb8 27. e3 Bd6 28. f3 c6 29. e4 Bf4 30. a4 Rb7 31. Rfb1 Rfb8 32.
Rb2 Ne8 33. Rab1 Nd6 34. e5 Ne8 35. Bf1 Nc7 36. Kg2 Bd7 37. Be2 Ne6 38. Rh1 Rh8 39. Bd1 Rhb8 40. Bc2 a5 41. Rhb1 axb4 42. Qe1 b3 43. a5 Nxd4 44. a6 Ra7 45. Qf2 c5 46.
Bd1 Rxa6 47. h4 gxh4 48. Qxh4 Bxe5 49. Qe7 Be6 50. Qxc5 Rc6 51. Qa7 c3 52. Bxb3 cxb2 53. Ba4 Rc1 54. f4 Bxf4 55. Qxd4+ Kg8 56. Rxb2 Rxb2+ 57. Qxb2 Rc8 58. Qd4 Bh6 59. Kf3 Rc4 60. Qa7 Bxg4+ 61.
Kf2 Be6 62. Qb8+ Bf8 63. Bb3 Re4 64. Qd8 Rb4 65. Bxd5 Rd4 66. Qf6 Rxd5 67. Qc3 Rf5+ 68. Ke2 Bc5 69. Qd3 Re5+ 70. Kf1 Rf5+ 71. Kg2 Be7 0-1

[Event "Early-Titled-Tuesday-Blitz-April-23-2024"]
[Site "Chess.com"]
[Date "2024.04.23"]
[Round "3"]
[White "IwkooO"]
[Black "Bauman_Guy"]
[Result "1-0"]
[WhiteElo "2699"]
[BlackElo "2909"]
[TimeControl "180+1"]
[EndTime "8:30:39 PDT"]
[Termination "IwkooO won by resignation"]

1. e4 c5 2. Nf3 d6 3. Bb5+ Nd7 4. c3 Nf6 5. Qe2 a6 6. Ba4 g6 7. d4 b5 8. Bc2 e5 9. O-O Bb7 10. Rd1 Qc7 11. a4 c4 12. axb5 axb5 13. Rxa8+ Bxa8 14. Na3 Qb6 15. Be3 Ng4 16. Bg5 h6 17. Bh4 Bg7 18.
h3 Ngf6 19. Bg3 Nh5 20. Bh2 O-O 21. b3 cxb3 22. Bxb3 b4 23. Nc4 Qb8 24. cxb4 Qxb4 25. Bc2 Rc8 26. Bd3 Nf4 27. Bxf4 exf4 28. Rb1 Qc3 29.
Nxd6 Rd8 30. Nb5 Qa5 31. e5 Nf8 32. Nd6 Ne6 33. Bc4 Bxf3 34. Qxf3 Nxd4 35. Qxf4 Kh7 36. Nxf7 Rd7 37. e6 Rc7 38. Bd3 Nxe6 39. Qe4 Nf8 40. Nd6 Qe5 41. Qxe5 Bxe5 42. Nc4 Bf6 43. Ne3 Rd7 44.
Be4 Kg7 45. Nd5 Bd8 46. f3 Ne6 47. Nb6 Rd2 48. Nc4 Ra2 49. Ne5 Nf4 50. Rb7+ Kg8 51. Kh1 Ra1+ 52. Kh2 Ra2 53. Rb8 Rxg2+ 54. Kh1 Rd2 55.
Nc6 Ne6 56. Bxg6 Kg7 57. Bf5 Rd1+ 58. Kg2 Nf4+ 59. Kg3 Bc7 60. Rb7 Nd5+ 61. Kf2 Kf6 62. Be4 Rd2+ 63. Ke1 Bf4 64. Bxd5 Rxd5 65. Nb4 Re5+ 66.
Kf1 Re3 67. Nd5+ Kg5 68. Nxe3 Bxe3 69. Kg2 Kf5 70. Rb4 Bf4 71. Re4 h5 72. h4 Be5 73.
Kh3 Bf6 74. Ra4 Be5 75. Rc4 Bf6 76. f4 Be5 77. fxe5 1-0

[Event "Early-Titled-Tuesday-Blitz-April-23-2024"]
[Site "Chess.com"]
[Date "2024.04.23"]
[Round "3"]
[White "patzer-reloaded"]
[Black "Chernov_Alexander_A"]
[Result "0-1"]
[WhiteElo "2428"]
[BlackElo "2269"]
[TimeControl "180+1"]
[EndTime "8:30:39 PDT"]
[Termination "Chernov_Alexander_A won by resignation"]

1. d4 Nf6 2. c4 e6 3. Nc3 d5 4. Bg5 Be7 5. Nf3 O-O 6. e3 Nbd7 7. a3 h6 8. Bh4 c5 9. cxd5 Nxd5 10. Bg3 Nxc3 11.
bxc3 b6 12. Bd3 Bb7 13. O-O Nf6 14. Qb1 cxd4 15. cxd4 Bd6 16. Bh4 Be7 17. Bxf6 Bxf6 18. Bh7+ Kh8 19. Be4 Qe7 20. a4 Rfc8 21. a5 Bxe4 22.
Qxe4 Rab8 23. g3 Kg8 24. Rfb1 Qb7 25. Qxb7 Rxb7 26. Nd2 Be7 27. Rb5 Rc6 28. Rab1 g6 29. Kf1 Kg7 30. Ke2 Bd8 31. axb6 Rbxb6 32. Rxb6 Rxb6 33. Rxb6 Bxb6 34. Kd3 Kf8 35. f3 Ke7 36. Kc4 Kd6 37. Nb3 Kc6 38. e4 Bc7 39. Nc5 a5 40. Nd3 f6 41. f4 g5 42. fxg5 fxg5 43. e5 Bb6 44. g4 Bc7 45. h3 Bb6 46. Nf2 Bc7 47.
Ne4 a4 48. Nc3 a3 49. Kb3 Bb6 50. Ne2 Kd5 51. Kxa3 Bxd4 52. Kb4 Bxe5 53. Kb5 Ke4 54. Nc1 Kf3 55. Kc4 Bf4 56. Nd3 Kg3 57. Kd4 Kxh3 58.
Nf2+ Kg3 59. Ne4+ Kxg4 60. Nf6+ Kf5 61. Nh5 e5+ 62. Kd3 e4+ 63. Ke2 e3 64. Ng7+ Kg4 65.
Ne6 h5 66. Nd4 h4 67. Nf3 h3 68. Ne1 h2 69. Nd3 h1=Q 0-1

[Event "Early-Titled-Tuesday-Blitz-April-23-2024"]
[Site "Chess.com"]
[Date "2024.04.23"]
[Round "3"]
[White "ellatambien"]
[Black "noblerone"]
[Result "1/2-1/2"]
[WhiteElo "2701"]
[BlackElo "2513"]
[TimeControl "180+1"]
[EndTime "8:30:40 PDT"]
[Termination "Game drawn by stalemate"]

1. d4 d5 2. c4 e6 3. Nf3 Nf6 4.
g3 dxc4 5. Bg2 c5 6. O-O Nc6 7. Qa4 Bd7 8. Qxc4 cxd4 9. Nxd4 Nxd4 10. Qxd4 Bc6 11. Qxd8+ Rxd8 12. Bxc6+ bxc6 13. Nd2 Bc5 14. Nb3 Bb6 15. a4 Nd5 16. a5 Bc7 17. e4 Nb4 18.
Bd2 Nd3 19. Be3 a6 20. Bb6 Rc8 21. Rfd1 Nxb2 22. Rdc1 Be5 23. Ra2 Nd3 24. Rc4 O-O 25. f4 Bf6 26. e5 Be7 27. Rac2 Nb4 28. Rc1 Nd3 29. R1c3 Nb4 30. Bc5 Bxc5+ 31. Nxc5 Nd5 32. Rb3 h5 33. Nxa6 Ra8 34. Rxc6 Ra7 35. Rb5 Rfa8 36. Nc5 Rxa5 37. Rxa5 Rxa5 38. Nd7 Ra1+ 39. Kg2 Ra2+ 40.
Kh3 Ra8 41. Kh4 g6 42. Nf6+ Nxf6 43. exf6 Kh7 44. Rc7 Kg8 45. Kg5 Rb8 46. Kh6 Ra8 47. h3 Rb8 48. g4 hxg4 49. hxg4 Ra8 50. Re7 Rb8 51. f5 exf5 52. gxf5 gxf5 53. Re1 Kf8 54.
Kg5 Rb2 55. Ra1 Rg2+ 56. Kxf5 Rf2+ 57. Kg5 Rg2+ 58. Kh4 Kg8 59. Ra5 Kh7 60. Ra8 Rh2+ 61. Kg5 Rg2+ 62. Kh4 Rh2+ 63. Kg3 Rh6 64. Kg4 Kg6 65.
Ra6 Rh1 66. Kf4 Rf1+ 67. Ke5 Re1+ 68. Kf4 Re2 69. Kf3 Re5 70. Kg4 Rg5+ 71. Kf4 Rf5+ 72. Kg4 Rxf6 73. Rxf6+ Kxf6 74. Kf4 Ke6 75. Ke4 Kf6 76.
Kf4 Kg6 77. Kg4 f6 78. Kf4 f5 79. Kf3 Kf6 80. Kf4 Ke6 81. Kf3 Ke5 82. Ke3 f4+ 83. Kf3 Kf5 84. Kf2 Ke4 85. Ke2 f3+ 86. Kf2 Kf4 87. Kf1 Ke3 88. Ke1 f2+ 89. Kf1 Kf3 1/2-1/2

[Event "Early-Titled-Tuesday-Blitz-April-23-2024"]
[Site "Chess.com"]
[Date "2024.04.23"]
[Round "3"]
[White "TenisMaster"]
[Black "jumpingknight20"]
[Result "1-0"]
[WhiteElo "2980"]
[BlackElo "2734"]
[TimeControl "180+1"]
[EndTime "8:30:43 PDT"]
[Termination "TenisMaster won on time"]

1. e4 c5 2. Nf3 d6 3. d4 cxd4 4. Nxd4 Nf6 5. Nc3 a6 6. Be3 e5 7. Nb3 Be7 8. f3 Be6 9. Qd2 h5 10. O-O-O Nbd7 11. h3 Rc8 12. Bd3 h4 13. f4 b5 14. a3 Bxb3 15. cxb3 Nc5 16. Bxc5 Rxc5 17. b4 Rc8 18. Kb1 Qb6 19. fxe5 dxe5 20. Bc2 O-O 21.
Bb3 Rfd8 22. Nd5 Nxd5 23. Bxd5 Qg6 24. Rhf1 Bf6 25. Ka2 Rd7 26. Rc1 Rcd8 27. Qe2 Kh7 28.
Rc6 Rd6 29. Rc7 R8d7 30. Rc8 Rd8 31. Rc5 R8d7 32. Rf5 Bg5 33. Qg4 f6 34. Rf1 Kh6 35. Rc8 Rd8 36. Rf2 Qh5 37. Rxd8 Rxd8 38. Qe6 Qd1 39.
Qf7 Rc8 40. Bb3 Qe1 41. Rc2 Rxc2 42. Bxc2 Qf2 43. Qc7 Bc1 44. Qc8 Kg5 45. Kb1 Kh6 46.
Kxc1 Qe1+ 47. Bd1 Qe3+ 48. Kb1 Qxe4+ 49. Qc2 Qd4 50. Kc1 g5 51. Qd2 Qc4+ 52. Kb1 Qe4+ 53. Ka1 Qc6 54. Bg4 e4 55. Qf2 Qd6 56. Qf5 Qc6 57.
Kb1 Qd6 58. Qxe4 Qg3 59. Qf3 Qe1+ 60. Ka2 Qe5 61. Bf5 Qd4 62. Bc2 Qc4+ 63. Bb3 Qd4 64. Qf5 Kg7 65. Bc2 Kf8 66. Qd3 Qe5 67. Qe4 Qd6 68. Bb3 Kg7 69. Qb7+ Kh6 70. Qf7 Qd4 71.
Qg8 g4 72. Bf7 Qd3 73. Qh8+ Kg5 74. Qg7+ Kf5 75. Bg6+ 1-0

[Event "Early-Titled-Tuesday-Blitz-April-23-2024"]
[Site "Chess.com"]
[Date "2024.04.23"]
[Round "3"]
[White "Abund"]
[Black "PolandHussars"]
[Result "1/2-1/2"]
[WhiteElo "2805"]
[BlackElo "2587"]
[TimeControl "180+1"]
[EndTime "8:30:46 PDT"]
[Termination "Game drawn by repetition"]

1. d4 Nf6 2. c4 c5 3. Nf3 cxd4 4. Nxd4 e5 5. Nb3 d5 6. cxd5 Qxd5 7. Bd2 Nc6 8. Nc3 Qe6 9. g3 Be7 10. Bg2 O-O 11.
O-O Rd8 12. Qc1 Bd7 13. Be3 Rac8 14. h3 b6 15. Rd1 Be8 16. Kh2 h6 17. Rxd8 Rxd8 18. Qh1 Nd4 19. Bxd4 exd4 20. Ne4 a5 21. Nbd2 Bb5 22. Bf3 Rc8 23. Nb3 Nxe4 24. Bxe4 Bf6 25. Qf3 Bd7 26. h4 a4 27. Nc1 Re8 28. Bd3 Bc6 29. Qf5 Qxf5 30. Bxf5 a3 31. Rb1 d3 32. Nxd3 axb2 33. Nxb2 Rxe2 34. Nd3 Bd4 35. Rc1 Be8 36. Kg2 g6 37. Bg4 Re7 38. Bf3 Kg7 39. Re1 Rxe1 40. Nxe1 Bb5 41. Bd5 Kf6 42. Nc2 Bc5 43.
Ne1 Ke7 44. Nf3 f6 45. Be4 g5 46. Bd5 Kd6 47. Bb3 Bc6 48. hxg5 fxg5 49. g4 h5 50. Kg3 Bxf3 51. Kxf3 h4 52. Kg2 Ke5 53. Kf3 Kd4 54. Bf7 Kc3 55. Bb3 Kd2 56. Kg2 Ke2 57.
f3 Ke3 58. Bf7 Kf4 59. Bg8 Ke3 60. Bb3 Kf4 61. Bd5 b5 62. Bc6 b4 63. Bd5 Ke5 64.
Bb3 Kd4 65. Kh3 Ke3 66. Kg2 Kf4 67. Bg8 Ke3 68. Bf7 Kf4 69. Be6 Ke3 70. Bd5 Kf4 71.
Bc4 Ke3 72. Bb3 Kf4 73. Bd5 Ke3 74. Kh3 Kd4 75. Bg8 Ke3 76. Bd5 Kd4 77. Ba8 Ke3 78.
Kg2 Kf4 79. Kh3 Ke3 80. Bb7 Kf4 81. Kg2 Ke3 82. Bd5 Kf4 83. Bc4 Ke3 84. Bb3 1/2-1/2

[Event "Early-Titled-Tuesday-Blitz-April-23-2024"]
[Site "Chess.com"]
[Date "2024.04.23"]
[Round "3"]
[White "SirStrateg"]
[Black "zverr1"]
[Result "1-0"]
[WhiteElo "2668"]
[BlackElo "2486"]
[TimeControl "180+1"]
[EndTime "8:30:46 PDT"]
[Termination "SirStrateg won on time"]

1. e4 c5 2. Nf3 Nc6 3. Bb5 h5 4. Bxc6 dxc6 5. d3 h4 6. h3 f6 7.
Be3 e5 8. Nc3 Be6 9. Nd2 g5 10. a3 a5 11. a4 b6 12. b3 Qd7 13. Nc4 Qc7 14. Qf3 Be7 15. Kd2 Nh6 16.
Kc1 Nf7 17. Kb2 O-O-O 18. Qe2 Nd6 19. f3 Kb7 20. Qf2 Ka6 21. Rhb1 Rb8 22. Kc1 Kb7 23. Kd2 Kc8 24. Nd1 Rd8 25. Nxd6+ Qxd6 26. Ke2 Kd7 27. Bd2 Rh8 28. Bc3 Ke8 29. Ne3 Kf7 30.
Rd1 Kg6 31. Nc4 Qc7 32. Kf1 Rhc8 33. Rd2 Rd8 34. Qe1 Rd7 35. Qc1 Bd8 36. Qb2 Bxc4 37. bxc4 Qa7 38. Rb1 Bc7 39. Qc1 Qa6 40. Rb3 b5 41.
cxb5 cxb5 42. axb5 Rxb5 43. Rxb5 Qxb5 44. Qa1 Bd8 45.
Rd1 Rb7 46. Ke2 Bc7 47. Qa2 Bd6 48. Ra1 Ra7 49. Rb1 Qd7 50. Qg8+ Qg7 51. Qd5 Qc7 52. Bxa5 Qxa5 53. Qxd6 Qa2 54. Rc1 Qb2 55. Kd2 Qb4+ 56. Kd1 Ra2 57. Qd5 Rb2 58. Qg8+ Kh6 59. Qf8+ Kg6 60. Qg8+ Kh6 61. Qe6 Kg6 62. Qd5 Kg7 63. Ke2 Kg6 64. Qg8+ Kh6 65. Qc4 Qxc4 66. dxc4 Kg6 67.
Kd3 Ra2 68. Rb1 Ra3+ 69. Kd2 Ra4 70. Kc3 Ra3+ 71. Kd2 Ra4 72. Kd3 Ra3+ 73. c3 Ra2 74. Rb5 Rxg2 75. Rxc5 Rg3 76. Ke3 Rxh3 77. Rd5 Kf7 78.
c5 Rh1 79. c6 Rc1 80. Rc5 1-0